AoeStats
← dark_paladin999

Hideout

507151899Analyzed
1v1 RM · 16d ago on Sep 16, 2026· 40m 22s· 2 players
Game mode
Random Map
Map size
Tiny (2 player)
Population
200
Speed
Normal
Resources
Standard
Victory
Conquest
Starting age
Dark Age
Ending age
Imperial Age
RankedLock teamsTeams togetherTeam positionsShared explorationLock speedFull tech treeHidden civsTurbo modeCheats
Victory
Defeat
🇬🇮 Tupi · Gibraltar
740
+16
🇨🇦 Mongols · Canada
732
-38
dark_paladin999
12:14 Feudal Age
12:22 Man-at-Arms
15:08 Double-Bit Axe
17:37 Horse Collar
17:46 Arson
25:05 Fletching
27:17 Padded Archer Armor
29:58 Castle Age
Hasdrubal
10:09 Feudal Age
9:07 Loom
10:42 Double-Bit Axe
11:44 Loom
19:04 Castle Age
17:20 Horse Collar
18:57 Champi Runner
24:35 Fletching
25:39 Bow Saw
27:45 Champi Warrior
30:07 Wheelbarrow
32:05 Arson
32:43 Heavy Plow
34:03 Hand Cart
36:47 Ballistics
36:23 Murder Holes
38:48 Bodkin Arrow
41:36 Imperial Age
Connection lost

Rejoining the realm…

Still unreachable

The connection could not be restored.

Session expired

The server has moved on; the page needs a fresh start.